 Dungeon Crawl Stone Soup version 0.29-a0-414-g5075937ec3 (webtiles) character file.

Game seed: 3751930792477642965

254 Glafi the Slasher (level 5, 0/47 HPs)
             Began as a Draconian Fighter on May 15, 2022.
             Slain by a water moccasin (5 damage)
             ... on level 4 of the Dungeon.
             The game lasted 00:38:34 (3406 turns).

Glafi the Slasher (Draconian Fighter)               Turns: 3406, Time: 00:38:35

Health: 0/47       AC:  8    Str: 18    XL:     5   Next: 90%
Magic:  5/5        EV: 12    Int: 11    God:
Gold:   95         SH:  4    Dex: 10    Spells: 4/4 levels left

rFire   . . .      SeeInvis .   a - +0 long sword
rCold   . . .      Faith    .   b - +0 buckler
rNeg    . . .      Spirit   .   (body armour unavailable)
rPois   .          Reflect  .   (helmet restricted)
rElec   .          Harm     .   s - +0 cloak
rCorr   .          Rampage  .   e - +0 pair of gloves
Will    .....                   r - +0 pair of boots
Stlth   +.........              (no amulet)
HPRegen 0.15/turn               (no ring)
MPRegen 0.09/turn               (no ring)

@: lethally poisoned (0 -> -9)
A: AC +5, unfitting armour, cold-blooded
a: no special abilities


You were on level 4 of the Dungeon.
You visited 1 branch of the dungeon, and saw 4 of its levels.

You collected 95 gold pieces.

Inventory:

Hand Weapons
 a - a +0 long sword (weapon)
Armour
 b - a +0 buckler (worn)
 e - a +0 pair of gloves (worn)
 r - a +0 pair of boots (worn)
 s - a +0 cloak (worn)
Jewellery
 k - an amulet of reflection
 v - a +6 ring of intelligence
Scrolls
 d - 4 scrolls of immolation {unknown}
 h - 2 scrolls of teleportation {unknown}
 j - a scroll of poison {unknown}
 m - a scroll of magic mapping {unknown}
 n - 5 scrolls of identify {unknown}
 o - a scroll of blinking {unknown}
 p - 2 scrolls of enchant weapon {unknown}
 q - a scroll of vulnerability {unknown}
 t - 2 scrolls of noise {unknown}
Potions
 c - 2 potions of might
 f - a potion of degeneration {unknown}
 g - 2 potions of mutation {unknown}
 l - a potion of ambrosia {unknown}
 u - 2 potions of heal wounds {unknown}


   Skills:
 * Level 4.5 Fighting
 * Level 4.6 Long Blades
 + Level 3.1 Dodging
 + Level 1.0 Stealth
 + Level 3.5 Shields


You had 4 spell levels left.
You didn't know any spells.
Your spell library contained the following spells:

 Spells                   Type           Power      Damage    Failure   Level
 Slow                     Hex            0%         N/A       43%         1
 Confusing Touch          Hex            0%         N/A       80%         3
 Conjure Flame            Conj/Fire      0%         6-21      80%         3
 Ignite Poison            Fire/Tmut/Pois 0%         N/A       80%         3
 Vampiric Draining        Necr           0%         2d6       80%         3
 Sticky Flame             Conj/Fire      0%         2d3       99%         4


Dungeon Overview and Level Annotations

Branches:
Dungeon (4/15)
 Temple: D:4-7

Altars:
Uskayaw

Shops:
D:2 (


Innate Abilities, Weirdness & Mutations

Your plain brown scales are hard. (AC +5)
You cannot fit into any form of body armour.
You are cold-blooded and may be slowed by cold attacks.


Message History

The water moccasin bites you but does no damage.
You completely miss the water moccasin.
The water moccasin is moderately wounded.
The water moccasin bites you but does no damage.
The water moccasin closely misses you.
You miss the water moccasin.
The water moccasin is moderately wounded.
The water moccasin bites you but does no damage.
The water moccasin bites you.
You are poisoned.
The water moccasin poisons you!
You closely miss the water moccasin.
The water moccasin is moderately wounded.
You feel very sick. You block the water moccasin's attack.
You feel better.
The water moccasin bites you but does no damage.
The water moccasin barely misses you.
You barely miss the water moccasin.
The water moccasin is moderately wounded.
The water moccasin bites you!
You are too injured to fight recklessly!
You feel better. The water moccasin bites you!
The water moccasin barely misses you.
You are too injured to fight recklessly!
The water moccasin attacks as you move away!
The water moccasin bites you but does no damage.
The water moccasin bites you. The water moccasin bites you.
* * * LOW HITPOINT WARNING * * *
The water moccasin bites you.
* * * LOW HITPOINT WARNING * * *
You are lethally poisoned!
The water moccasin poisons you!
You hit the water moccasin.
The water moccasin is heavily wounded.
* * * LOW HITPOINT WARNING * * *
You feel very sick. The water moccasin bites you.
You die...

#.....#.######## .
#..............# #.
##..............#
##.##...........<...#
......#..##.........#
...$..............).#
..#...$.#.#.........#
..........#.........#
........S@#.........#
..#.....#...........#
##....##..........#
##...##.#.########
#...##.#.# #...##...#
#...####.# #...# ###
#####


You could see a water moccasin.

Vanquished Creatures
  An ice beast (D:3)
  An orc priest (D:3)
  Jessica (D:3)
  2 adders
  6 dart slugs
  5 orcs
  7 ball pythons
  9 endoplasms
  A giant cockroach (D:1)
  7 hobgoblins
  3 kobolds
  7 quokkas
  4 bats
  3 frilled lizards
  5 goblins
  4 rats
66 creatures vanquished.

Notes
Turn   | Place    | Note
-------+----------+-------------------------------------------
     0 | D:1      | Glafi the Draconian Fighter began the quest for the Orb.
     0 | D:1      | Reached XP level 1. HP: 19/19 MP: 1/1
   387 | D:1      | Reached XP level 2. HP: 21/26 MP: 2/2
   964 | D:1      | Found a faded altar of an unknown god.
  1164 | D:2      | Found Laemic's Weapon Boutique.
  1184 | D:2      | Reached XP level 3. HP: 26/33 MP: 3/3
  2174 | D:3      | Found a hide-covered altar of Uskayaw.
  2201 | D:3      | Reached XP level 4. HP: 17/40 MP: 4/4
  2731 | D:3      | Noticed Jessica
  2736 | D:3      | Killed Jessica
  2737 | D:3      | Reached XP level 5. HP: 38/46 MP: 5/5
  2938 | D:3      | Noticed an ice beast
  2954 | D:3      | Killed an ice beast
  2955 | D:3      | Reached skill level 1 in Stealth
  3375 | D:4      | Noticed a water moccasin
  3406 | D:4      | Slain by a water moccasin

Illustrated notes

Levels and vault maps discovered:
D:1:      saegor_arrival_simple_e, layout_loops_ring,
          ebering_ecumenical_altar_abandoned, minmay_misc_feat_five
D:2:      layout_basic, serial_shops, nicolae_shop_bloodbath_and_beyond
D:3:      layout_basic, eat_drink_and_be_merry_uskayaw, kennysheep_minor_cross,
          uniq_jessica
D:4:      layout_rooms, st_stairs_4, uniq_blork_the_orc

Skill      XL: |  1  2  3  4  5 |
---------------+----------------+-----
Dodging        | 3 |  3.1
Fighting       | 4 |  4.5
Long Blades    | 3 4 |  4.6
Stealth        | 1 |  1.0
Shields        | |  3.5

Action                   |  1- 3 |  4- 6 || total
-------------------------+-------+-------++-------
Melee: Long sword        |   116 |    96 ||   212
       Tailslap          |    20 |     8 ||    28
  Use: Potion            |       |     3 ||     3
 Stab: Sleeping          |     1 |     1 ||     2
Armor: Skin              |    27 |    34 ||    61
Dodge: Dodged            |    61 |    78 ||   139
Block: Buckler           |    28 |    18 ||    46

Table legend: (Time is in decaauts)
 A = Elapsed time spent in this place.
 B = Non-inter-level travel time spent in this place.
 C = Inter-level travel time spent in this place.
 D = Time resting spent in this place.
 E = Time spent auto-exploring this place.
 F = Levels seen in this place.
 G = Mean time per level.
                   A        B        C        D        E       F      G
               +--------+--------+--------+--------+--------+-----+--------+
         Total |   3473 |   3350 |    123 |    905 |   1780 |   4 |  868.2 |
       Dungeon |   3473 |   3350 |    123 |    905 |   1780 |   4 |  868.2 |
               +--------+--------+--------+--------+--------+-----+--------+

Top non-repeatable levels by time:
     D:3: 1190 daAuts
     D:1: 1158 daAuts
     D:2: 1053 daAuts
     D:4: 70 daAuts
